[Event "Titled Tuesday Blitz April 11 Early 2023"]
[White "Vovk, Orest"]
[Black "Liyanage, Ranindu Dilshan"]
[WhiteFideId "14113490"]
[BlackFideId "9915834"]
[WhiteElo "2215"]
[BlackElo "2199"]
[Result "0-1"]
[Round "02"]
[TimeControl "180+2"]
[Date "2023.04.11"]
[WhiteClock "0:00:01"]
[BlackClock "0:00:05"]

1. h4 e5 2. h5 d5 3. h6 Nxh6 4. d4 e4 5. Bxh6 gxh6 6. e3 Bg7 7. c4 c5 8. Nc3 cxd4 9. exd4 dxc4 10. Bxc4 Nc6 11. Nge2 O-O 12. Nxe4 Re8 13. N4g3 Qa5+ 14. Kf1 Qb4 15. b3 Bd7 16. Nh5 Qf8 17. Qd3 Bg4 18. Nxg7 Bxe2+ 19. Qxe2 Rxe2 20. Nf5 Re7 21. Nxh6+ Kh8 22. Ng4 Qg7 23. Rh4 Nxd4 24. Rd1 Nf5 25. Rh3 Qxg4 26. Rdd3 Rae8 27. f3 Re1+ 28. Kf2 Qf4 29. Rd8 Qe3# 0-1


[Site "https://www.chess.com"]

[Event "Titled Tuesday Blitz April 11 Early 2023"]
[White "Grot, Blazej"]
[Black "Ioannidis, Evgenios"]
[WhiteFideId "21835845"]
[BlackFideId "4229274"]
[WhiteElo "1823"]
[BlackElo "2386"]
[Result "1/2-1/2"]
[Round "02"]
[TimeControl "180+2"]
[Date "2023.04.11"]
[WhiteClock "0:00:10"]
[BlackClock "0:00:05"]

1. e4 e6 2. d4 d5 3. exd5 exd5 4. Nf3 c5 5. c3 Nc6 6. dxc5 Bxc5 7. Bb5 Nf6 8. O-O O-O 9. Nbd2 Bg4 10. h3 Bh5 11. Be2 Re8 12. Nb3 Bb6 13. Re1 Qd6 14. Nfd4 Bc7 15. g3 Bxe2 16. Rxe2 Rxe2 17. Qxe2 Re8 18. Be3 Qd7 19. Kg2 Ne5 20. Nd2 Bb6 21. Rf1 h6 22. Re1 Qa4 23. Ra1 Nc6 24. Qd1 Qa6 25. N2f3 Na5 26. b3 Bc7 27. Qe2 Qxe2 28. Nxe2 a6 29. Nfd4 Ne4 30. Rc1 Be5 31. c4 dxc4 32. bxc4 Rc8 33. Kf3 Nc5 34. Nf5 Kf8 35. Nf4 Ne6 36. c5 Nc6 37. Rb1 Rc7 38. Nd5 Rd7 39. Nb6 Rd3 40. Ke2 Ra3 41. Nd7+ Kg8 42. Nxe5 Nxe5 43. Rxb7 Rxa2+ 44. Kf1 Nc4 45. c6 Rc2 46. Bf4 Nxf4 47. gxf4 Nd2+ 48. Kg2 g6 49. c7 gxf5 50. Rb8+ Kg7 51. c8=Q Rxc8 52. Rxc8 Ne4 53. Ra8 Nc5 54. Rc8 Ne6 55. Rc4 Kf6 56. Ra4 Kg6 57. Rxa6 Kh5 58. Kg3 Nc5 59. Ra7 Ne4+ 60. Kg2 Kg6 61. f3 Nc5 62. Rc7 Ne6 63. Rc6 Kg7 64. Ra6 Nxf4+ 65. Kg3 Ne6 66. Ra5 Kf6 67. Ra6 Kg6 68. Ra5 Kg5 69. Ra6 h5 70. Ra7 h4+ 71. Kf2 Kf4 72. Rxf7 Ng5 73. Rg7 Nxh3+ 74. Kg2 Ng5 75. Rg8 Nxf3 76. Rh8 Kg4 77. Rg8+ Ng5 78. Rf8 f4 79. Kh2 Nf3+ 80. Kg2 Ng5 81. Rg8 h3+ 82. Kh2 f3 83. Rf8 Ne4 84. Rxf3 Kxf3 85. Kxh3 1/2-1/2


[Site "https://www.chess.com"]

[Event "Titled Tuesday Blitz April 11 Early 2023"]
[White "Rohith Krishna S"]
[Black "Rafiee, Makan"]
[WhiteFideId "46617051"]
[BlackFideId "24609340"]
[WhiteElo "2270"]
[BlackElo "2327"]
[Result "1-0"]
[Round "02"]
[TimeControl "180+2"]
[Date "2023.04.11"]
[WhiteClock "0:00:27"]
[BlackClock "0:00:19"]

1. d4 d5 2. c4 c6 3. Nc3 Nf6 4. Bg5 a6 5. e3 Bf5 6. Qb3 Ra7 7. Bxf6 exf6 8. cxd5 Bd6 9. e4 Bg6 10. Nf3 O-O 11. Be2 Re8 12. Nd2 cxd5 13. Qxd5 Nc6 14. a3 Ra8 15. Qc4 Rc8 16. d5 Ne5 17. Qb3 Qc7 18. f4 Nd7 19. f5 Nc5 20. Qc2 Bxf5 21. exf5 Bxh2 22. O-O-O Rxe2 23. Kb1 Rxg2 24. d6 Qxd6 25. Nc4 Qg3 26. Rd2 Rg1+ 27. Rxg1 Qxg1+ 28. Ka2 Be5 29. Nd5 Re8 30. Nxe5 Rxe5 31. Nxf6+ gxf6 32. Rg2+ Qxg2 33. Qxg2+ Kf8 34. Qh3 Re2 35. Qh6+ Ke7 36. Qh3 Re5 37. Qxh7 Nd3 38. Qh3 Nc1+ 39. Kb1 Ne2 40. Qg2 b5 41. Qb7+ Kf8 42. Qxa6 Nd4 43. Qc8+ Kg7 44. Qb7 Nxf5 45. Qg2+ Kf8 46. Qa8+ Kg7 47. Qg2+ Kf8 48. Qf3 Kg7 49. Qg4+ Kf8 50. Qf4 Kg7 51. Kc2 Ne7 52. Kb1 Ng6 53. Qb4 f5 54. a4 f4 55. axb5 f3 56. Qd4 Kh6 57. b6 Rb5 58. Qd2+ Kg7 59. Qc3+ Kh7 60. Qxf3 Rxb6 61. Qh3+ Kg7 62. Qc3+ Rf6 63. b4 Nf8 64. b5 Nd7 65. Qg3+ Kf8 66. Qc7 Ke7 67. Kb2 Rb6 68. Qc4 Ne5 69. Qc5+ Rd6 70. Qxe5+ Kd7 71. Kb3 f6 72. Qf5+ Kc7 73. Kc4 Kb6 74. Qc5+ 1-0


[Site "https://www.chess.com"]

[Event "Titled Tuesday Blitz April 11 Early 2023"]
[White "Wong, Yinn Long"]
[Black "Petukhov, Dmitry"]
[WhiteFideId "5707684"]
[BlackFideId "4142748"]
[WhiteElo "2271"]
[BlackElo "2311"]
[Result "1-0"]
[Round "02"]
[TimeControl "180+2"]
[Date "2023.04.11"]
[WhiteClock "0:00:09"]
[BlackClock "0:00:17"]

1. b3 a5 2. Bb2 Nf6 3. a4 Nc6 4. Nf3 d6 5. d4 Bg4 6. Nbd2 e6 7. e3 Be7 8. h3 Bh5 9. g4 Bg6 10. Nh4 O-O 11. Nxg6 hxg6 12. Bg2 d5 13. h4 Nd7 14. g5 f6 15. f4 Nb4 16. Nf3 c5 17. c3 Na6 18. gxf6 Bxf6 19. Qd3 Qe8 20. Ng5 Rc8 21. Bh3 Bxg5 22. hxg5 cxd4 23. Qxd4 Nac5 24. c4 Rf7 25. Ra3 e5 26. fxe5 Nxe5 27. Bg2 Ned3+ 28. Kd1 Nxb2+ 29. Qxb2 Qxe3 30. Bxd5 Rd8 31. Qe2 Qd4+ 32. Kc1 Nd3+ 33. Kb1 Nf4 34. Bxf7+ Kxf7 35. Qc2 Ne2 36. Qxe2 Qc5 37. Rf1+ 1-0


[Site "https://www.chess.com"]

[Event "Titled Tuesday Blitz April 11 Early 2023"]
[White "Aradhya, Garg"]
[Black "Leebit02"]
[WhiteFideId "25006746"]
[WhiteElo "2263"]
[BlackElo "2455"]
[Result "1-0"]
[Round "02"]
[TimeControl "180+2"]
[Date "2023.04.11"]
[WhiteClock "0:01:10"]
[BlackClock "0:00:09"]

1. d4 Nf6 2. c4 g6 3. Nf3 Bg7 4. g3 d5 5. cxd5 Nxd5 6. Bg2 O-O 7. O-O Nb6 8. Nc3 Nc6 9. d5 Na5 10. e4 c6 11. Bf4 Bg4 12. h3 Bxf3 13. Qxf3 Nac4 14. b3 Ne5 15. Qe2 Rc8 16. Rad1 Qe8 17. Rfe1 h6 18. dxc6 Qxc6 19. Nd5 Rfe8 20. a4 g5 21. Be3 Nxd5 22. exd5 Qc2 23. Bd4 Nd7 24. Qb5 Bxd4 25. Rxd4 Qc3 26. Red1 Ne5 27. Qxb7 Rb8 28. Qa6 Qxb3 29. Qxh6 f6 30. h4 g4 31. Be4 Nf3+ 32. Kh1 e5 33. Qg6+ Kf8 34. Qxf6+ Kg8 35. Qg6+ Kf8 36. Qf5+ Ke7 37. R4d3 Qc4 38. d6+ Kd8 39. Qf6+ Kd7 40. Bf5+ Kc6 41. d7+ Kc5 42. Qd6# 1-0


[Site "https://www.chess.com"]

[Event "Titled Tuesday Blitz April 11 Early 2023"]
[White "Chernov, Mikhail"]
[Black "Cherniaiev, Tykhon"]
[WhiteFideId "24143170"]
[BlackFideId "14182360"]
[WhiteElo "2113"]
[BlackElo "2450"]
[Result "0-1"]
[Round "02"]
[TimeControl "180+2"]
[Date "2023.04.11"]
[WhiteClock "0:00:09"]
[BlackClock "0:00:22"]

1. d4 Nf6 2. Nc3 d5 3. Bf4 c5 4. e3 a6 5. Nf3 Nc6 6. Be2 e6 7. O-O Bd6 8. Bg5 O-O 9. dxc5 Bxc5 10. Bd3 h6 11. Bh4 Be7 12. e4 Nxe4 13. Bxe7 Nxc3 14. Bxd8 Nxd1 15. Raxd1 Rxd8 16. c4 dxc4 17. Bxc4 Rxd1 18. Rxd1 Kf8 19. Kf1 Ke7 20. Ke2 b5 21. Bd3 Bb7 22. Be4 Rc8 23. Ne5 Nxe5 24. Bxb7 Rc2+ 25. Rd2 Rxd2+ 26. Kxd2 a5 27. Ba6 b4 28. a3 bxa3 29. bxa3 Kd6 30. Kc3 Kc5 31. Be2 Nc6 32. f4 Nd4 33. Bd1 Nb5+ 34. Kb3 Nd4+ 35. Ka4 Kb6 36. g3 g6 37. g4 g5 38. fxg5 hxg5 39. h3 f6 0-1


[Site "https://www.chess.com"]

[Event "Titled Tuesday Blitz April 11 Early 2023"]
[White "Jumanov, Elbek"]
[Black "Jaracz, Pawel"]
[WhiteFideId "14202905"]
[BlackFideId "1102222"]
[WhiteElo "2055"]
[BlackElo "2438"]
[Result "1-0"]
[Round "02"]
[TimeControl "180+2"]
[Date "2023.04.11"]
[WhiteClock "0:00:27"]
[BlackClock "0:00:12"]

1. c4 e5 2. g3 Nf6 3. Bg2 h6 4. Nc3 Bb4 5. Nd5 Nxd5 6. cxd5 c6 7. dxc6 Nxc6 8. a3 Be7 9. d3 O-O 10. Nf3 d5 11. O-O Bg4 12. b4 e4 13. Ne1 Bf6 14. Ra2 Re8 15. dxe4 dxe4 16. Qxd8 Raxd8 17. h3 Be6 18. Rd2 Rxd2 19. Bxd2 Bc4 20. Nc2 Bxe2 21. Re1 Bd3 22. Ne3 Bb2 23. a4 Nd4 24. Nd5 Ne2+ 25. Kh2 Bd4 26. Be3 Bxe3 27. Nxe3 Nc3 28. Rc1 Nxa4 29. Rc7 Rb8 30. f3 exf3 31. Bxf3 Re8 32. Ng4 Be4 33. Bxe4 Rxe4 34. Rxb7 Re2+ 35. Kg1 Nc3 36. Rxa7 h5 37. Nf2 g6 38. Rb7 Rb2 39. Nd3 Kg7 40. Nxb2 1-0


[Site "https://www.chess.com"]

[Event "Titled Tuesday Blitz April 11 Early 2023"]
[White "Gil Alba, Hector Luis"]
[Black "Korchmar, Vasiliy"]
[WhiteFideId "3504670"]
[BlackFideId "24131750"]
[WhiteElo "2331"]
[BlackElo "2370"]
[Result "1-0"]
[Round "02"]
[TimeControl "180+2"]
[Date "2023.04.11"]
[WhiteClock "0:01:02"]
[BlackClock "0:00:03"]

1. e4 c5 2. Nf3 d6 3. Bb5+ Nd7 4. O-O a6 5. Bxd7+ Bxd7 6. c3 Nf6 7. Re1 e6 8. d4 Be7 9. Bg5 h6 10. Bh4 O-O 11. Nbd2 b5 12. dxc5 dxc5 13. Qe2 Bc6 14. Rad1 Nd7 15. Bg3 Qb6 16. c4 Rfd8 17. b3 Bf6 18. Bd6 Bc3 19. e5 b4 20. Rf1 a5 21. Ne4 Bxe4 22. Qxe4 Nf8 23. Be7 Re8 24. Rd6 Qa7 25. Bxf8 Rxf8 26. Rfd1 a4 27. g4 axb3 28. axb3 Qa2 29. g5 h5 30. g6 fxg6 31. Rxe6 Qxb3 32. Rf1 Bd4 33. Kg2 Qxc4 34. Rxg6 Rae8 35. e6 b3 36. Ng5 b2 37. Rh6 Qxf1+ 38. Kxf1 Rxf2+ 39. Ke1 1-0


[Site "https://www.chess.com"]

[Event "Titled Tuesday Blitz April 11 Early 2023"]
[White "Averjanov, Alexey"]
[Black "Avazkhonov, Alikhon"]
[WhiteFideId "14109867"]
[BlackFideId "14208504"]
[WhiteElo "2728"]
[BlackElo "1739"]
[Result "1-0"]
[Round "02"]
[TimeControl "180+2"]
[Date "2023.04.11"]
[WhiteClock "0:01:37"]
[BlackClock "0:00:04"]

1. d4 Nf6 2. c4 e6 3. Nf3 Bb4+ 4. Nbd2 b6 5. g3 Bb7 6. Bg2 O-O 7. O-O d6 8. b3 Bxd2 9. Qxd2 Nbd7 10. Bb2 Ne4 11. Qc2 f5 12. d5 e5 13. Nh4 Ndc5 14. Nxf5 Rxf5 15. Bxe4 Nxe4 16. Qxe4 Rf7 17. f4 exf4 18. Rxf4 Rxf4 19. Qxf4 Qe7 20. Rf1 Rf8 21. Qxf8+ Qxf8 22. Rxf8+ Kxf8 23. Kf2 Kf7 24. e4 c6 25. Ke3 g5 26. Kd4 Kf6 27. a3 h5 28. h4 gxh4 29. gxh4 cxd5 30. Ke3+ Kg6 31. cxd5 Ba6 32. Kf4 Bd3 33. e5 dxe5+ 34. Kxe5 Kf7 35. Kd6 Be4 36. Bc1 Ke8 37. Bg5 Bf3 38. Kc6 Bg2 39. b4 Bh1 40. a4 Bg2 41. Bf6 Bf3 42. Kb7 Bxd5+ 43. Kxa7 Bb3 44. a5 bxa5 45. bxa5 Kd7 46. Kb8 Kc6 47. a6 1-0


[Site "https://www.chess.com"]

[Event "Titled Tuesday Blitz April 11 Early 2023"]
[White "Golubev, Mikhail"]
[Black "Brodowski, Piotr"]
[WhiteFideId "14100983"]
[BlackFideId "1124480"]
[WhiteElo "2374"]
[BlackElo "2351"]
[Result "0-1"]
[Round "02"]
[TimeControl "180+2"]
[Date "2023.04.11"]
[WhiteClock "0:00:01"]
[BlackClock "0:00:43"]

1. e4 d6 2. d4 g6 3. c4 Bg7 4. Nc3 Nc6 5. d5 Nd4 6. Be3 c5 7. Nge2 Bg4 8. f3 Nxe2 9. Bxe2 Bd7 10. Qd2 a6 11. O-O Rb8 12. f4 b5 13. e5 Nh6 14. Ne4 Nf5 15. Bf2 O-O 16. g4 Nd4 17. Bxd4 cxd4 18. exd6 bxc4 19. Bxc4 exd6 20. f5 Qh4 21. f6 Bh6 22. Qxd4 Qxg4+ 23. Kh1 Bf5 24. Rxf5 Qxf5 25. Rf1 Qe5 26. Qxe5 dxe5 27. b3 a5 28. a4 Be3 29. d6 Rfd8 30. Rf3 Bd4 31. h4 Rb6 32. h5 Rdxd6 33. Nxd6 Rxd6 34. hxg6 hxg6 35. Kg2 Bb6 36. Bd3 Bd8 37. Be4 Bxf6 38. Rc3 Kg7 39. Rc5 Rd4 40. Kf3 Rb4 41. Rc3 Bd8 42. Rd3 Bb6 43. Rd7 Rxb3+ 44. Kg2 Rb2+ 45. Kg3 Rf2 46. Bd5 Rf6 47. Rb7 Bd4 48. Rc7 e4 49. Bxe4 Be5+ 0-1


[Site "https://www.chess.com"]

[Event "Titled Tuesday Blitz April 11 Early 2023"]
[White "Amilal Munkhdalai"]
[Black "Manon-og, Ramon Jr."]
[WhiteFideId "4903250"]
[BlackFideId "5200776"]
[WhiteElo "2293"]
[BlackElo "2400"]
[Result "1-0"]
[Round "02"]
[TimeControl "180+2"]
[Date "2023.04.11"]
[WhiteClock "0:01:14"]
[BlackClock "0:00:16"]

1. e4 c5 2. Nf3 d6 3. d4 cxd4 4. Nxd4 Nf6 5. f3 a6 6. c4 h5 7. Nc3 e6 8. Be3 g6 9. Qd2 Bg7 10. Be2 O-O 11. O-O Nc6 12. Rfd1 Ne8 13. Bf1 Bd7 14. Rac1 Rc8 15. Qf2 Ne5 16. b3 Qa5 17. Qd2 Qc7 18. Nce2 Qd8 19. Qb4 Qc7 20. Nc2 Nc6 21. Qd2 Bb2 22. Rb1 Bg7 23. Ncd4 Nxd4 24. Bxd4 b5 25. Rbc1 Qb7 26. c5 Qb8 27. Bxg7 Kxg7 28. cxd6 Rxc1 29. Rxc1 Nf6 30. Qd4 Rc8 31. Rxc8 Qxc8 32. Nf4 Qc1 33. Nd3 Qd2 34. a3 h4 35. h3 a5 36. b4 a4 37. Qe5 Qa2 38. Nc5 Bc6 39. Qd4 Qxa3 40. d7 Bxd7 41. Nxd7 1-0


[Site "https://www.chess.com"]

[Event "Titled Tuesday Blitz April 11 Early 2023"]
[White "Mika, Tomasz"]
[Black "Levitskiy, Andrey"]
[WhiteFideId "1132970"]
[BlackFideId "14132885"]
[WhiteElo "2179"]
[BlackElo "2341"]
[Result "1/2-1/2"]
[Round "02"]
[TimeControl "180+2"]
[Date "2023.04.11"]
[WhiteClock "0:00:05"]
[BlackClock "0:00:05"]

1. Nf3 d5 2. c4 d4 3. b4 f6 4. e3 e5 5. exd4 exd4 6. c5 a5 7. Qa4+ Nc6 8. Bb5 Bd7 9. O-O axb4 10. Re1+ Be7 11. Qb3 Ra5 12. a4 bxa3 13. Nxa3 Nh6 14. Bb2 Nf7 15. Bc4 Nfe5 16. Nxd4 Nxd4 17. Bxd4 Bxc5 18. Bxe5 Bxf2+ 19. Kxf2 fxe5 20. d4 Qh4+ 21. Kg1 Qxd4+ 22. Kh1 Bc6 23. Rad1 Qg4 24. Rd2 Rf8 25. Bb5 Qf4 26. Bxc6+ bxc6 27. Rdd1 Ke7 28. Nc4 Rd5 29. Rb1 Rb5 30. Qa3+ Ke6 31. Ne3 Rxb1 32. Qa2+ Ke7 33. Qxb1 Qf2 34. Qc1 Kd7 35. h3 Kc8 36. Qd1 Rd8 37. Qc1 Rd2 38. Qb1 Re2 39. Rxe2 Qxe2 40. Ng4 e4 41. Qc1 h5 42. Ne5 c5 43. Qxc5 Qd1+ 44. Kh2 Qd6 45. Qxd6 cxd6 46. Nc4 Kd7 47. Ne3 Ke6 48. Kg3 Ke5 49. Kf2 g5 50. Nd1 d5 51. Ke2 d4 52. Nb2 Kf4 53. Nc4 Kg3 54. Kf1 e3 55. Ne5 h4 56. Nd3 e2+ 57. Kxe2 Kxg2 58. Nf2 Kg3 59. Kf1 d3 60. Nxd3 Kxh3 61. Kg1 Kg3 62. Nf2 Kf3 63. Nh3 g4 64. Nf2 g3 65. Nd3 Ke3 66. Ne1 h3 67. Nc2+ Kf4 68. Ne1 Ke3 69. Nc2+ Kf3 70. Ne1+ Ke2 71. Nc2 h2+ 72. Kg2 Kd2 73. Nd4 Ke3 74. Nf5+ Ke2 75. Nxg3+ Ke3 76. Nh1 Kf4 77. Kxh2 1/2-1/2


[Site "https://www.chess.com"]

[Event "Titled Tuesday Blitz April 11 Early 2023"]
[White "Fishchuk, Vladyslav"]
[Black "Marcziter, Dmitrii"]
[WhiteFideId "34122117"]
[BlackFideId "13900765"]
[WhiteElo "2082"]
[BlackElo "2162"]
[Result "1-0"]
[Round "02"]
[TimeControl "180+2"]
[Date "2023.04.11"]
[WhiteClock "0:00:47"]
[BlackClock "0:00:24"]

1. d4 d5 2. Nc3 Bf5 3. Bf4 e6 4. e3 Bb4 5. Bd3 Nf6 6. Nf3 Ne4 7. Bxe4 Bxe4 8. O-O Bxc3 9. bxc3 Nd7 10. Nd2 Bg6 11. c4 c6 12. cxd5 cxd5 13. c4 O-O 14. cxd5 exd5 15. Qb3 Nb6 16. a4 Qd7 17. a5 Nc8 18. Rfc1 b6 19. Rc7 Qe6 20. axb6 Nxb6 21. Raxa7 Rxa7 22. Rxa7 Nc4 23. Nxc4 dxc4 24. Qb4 Bd3 25. h3 h6 26. Rc7 Ra8 27. Kh2 Ra2 28. Bg3 h5 29. Qb8+ Kh7 30. Rc8 Rc2 31. Rh8+ Kg6 32. Qg8 Be4 33. Qh7+ Kf6 34. Bh4+ g5 35. Qh6+ Bg6 36. Qxg5+ Kg7 37. Qh6# 1-0


[Site "https://www.chess.com"]

[Event "Titled Tuesday Blitz April 11 Early 2023"]
[White "Harriott, Tyrell"]
[Black "Riff, Vincent"]
[WhiteFideId "2086484"]
[BlackFideId "617776"]
[WhiteElo "2107"]
[BlackElo "2369"]
[Result "0-1"]
[Round "02"]
[TimeControl "180+2"]
[Date "2023.04.11"]
[WhiteClock "0:00:01"]
[BlackClock "0:00:12"]

1. d4 d5 2. e3 Nf6 3. Bd3 Bg4 4. Ne2 Nbd7 5. f4 c5 6. c3 Ne4 7. Bxe4 dxe4 8. Nd2 Nf6 9. O-O cxd4 10. exd4 Qd5 11. Qe1 e6 12. Ng3 Bf5 13. Qe2 Bd6 14. Nc4 O-O 15. Ne3 Qa5 16. Nc4 Qa6 17. Nxd6 Qxd6 18. Be3 a6 19. Rac1 b5 20. Rfd1 Rac8 21. b3 Bg4 22. Qd2 Bxd1 23. Rxd1 Qc6 24. Rc1 Nd5 25. c4 Nxe3 26. Qxe3 f5 27. c5 Rfd8 28. Ne2 b4 29. Rc4 a5 30. h3 Qb5 31. Ng3 a4 32. Kh2 axb3 33. axb3 Ra8 34. Nh5 Qe8 35. Ng3 Ra3 36. Rxb4 Rb8 37. Qc3 Ra2 38. Rc4 Qc6 39. Nh5 g6 40. d5 Qc7 41. d6 Qf7 42. Ng3 g5 43. fxg5 f4 44. Nxe4 Qf5 45. c6 f3 46. Nf6+ Kf7 47. Rg4 fxg2 48. Rxg2 Qf4+ 49. Qg3 Rxg2+ 50. Kxg2 Qd2+ 51. Qf2 Qxg5+ 52. Kh2 Qe5+ 53. Kg2 Kg7 54. c7 Rc8 55. d7 Qg5+ 56. Ng4 Qd5+ 57. Qf3 Qxd7 58. Qc3+ Kf8 59. Qf6+ Ke8 60. Qh8+ Ke7 61. Qxh7+ Kd6 62. Qd3+ Kxc7 63. Qc4+ Kd8 64. Qe2 Qd5+ 65. Kh2 Rc3 66. Qf2 Qd6+ 67. Kg2 Qc6+ 68. Kg1 Rc1+ 69. Kh2 Rc2 70. Qxc2 Qxc2+ 71. Kg3 Qxb3+ 72. Kh4 Ke7 73. Kg5 Qd5+ 74. Kh4 e5 75. Kg3 Ke6 76. h4 Qd3+ 77. Kg2 Kf5 78. Nf2 Qd5+ 79. Kg3 Qb3+ 80. Kg2 Kf4 81. Nh3+ Kg4 82. Nf2+ Kxh4 83. Kg1 Qe3 84. Kg2 Qe2 85. Kg1 Kg3 86. Nh1+ Kf3 87. Ng3 Qg2# 0-1


[Site "https://www.chess.com"]

[Event "Titled Tuesday Blitz April 11 Early 2023"]
[White "Weetik, Vjacheslav"]
[Black "Vivas Zamora, Fabian Ernesto"]
[WhiteFideId "4153472"]
[BlackFideId "3902480"]
[WhiteElo "2469"]
[BlackElo "2262"]
[Result "1-0"]
[Round "02"]
[TimeControl "180+2"]
[Date "2023.04.11"]
[WhiteClock "0:00:16"]
[BlackClock "0:00:02"]

1. d4 Nf6 2. c4 g6 3. Nc3 d5 4. cxd5 Nxd5 5. e4 Nxc3 6. bxc3 Bg7 7. Bg5 h6 8. Bh4 c5 9. Rc1 Qa5 10. Qd2 g5 11. Bg3 cxd4 12. cxd4 Qxd2+ 13. Kxd2 O-O 14. Nf3 Nc6 15. d5 Rd8 16. Bd3 Nb4 17. Bb1 f5 18. Bc7 Rd7 19. d6 exd6 20. exf5 Nc6 21. Rxc6 bxc6 22. Ba5 Rb8 23. Bc2 Rf7 24. g4 d5 25. h4 Rb5 26. Bc3 d4 27. Ba1 gxh4 28. Bb3 Rxb3 29. axb3 c5 30. Nxh4 Bb7 31. Rc1 Bf6 32. Ng6 Bg5+ 33. f4 Be7 34. Nxe7+ Rxe7 35. Rxc5 Bf3 36. g5 hxg5 37. fxg5 Bg4 38. Bxd4 Rd7 39. Ke3 Re7+ 40. Kf4 Bh3 41. g6 Rd7 42. Rc8+ 1-0


[Site "https://www.chess.com"]

[Event "Titled Tuesday Blitz April 11 Early 2023"]
[White "Bocharov, Dmitry"]
[Black "Liew, Chee-Meng Jimmy"]
[WhiteFideId "4138716"]
[BlackFideId "5700019"]
[WhiteElo "2469"]
[BlackElo "2245"]
[Result "1-0"]
[Round "02"]
[TimeControl "180+2"]
[Date "2023.04.11"]
[WhiteClock "0:01:18"]
[BlackClock "0:00:23"]

1. d4 Nf6 2. c4 e6 3. g3 Bb4+ 4. Bd2 Bxd2+ 5. Qxd2 O-O 6. Bg2 d5 7. Nf3 c5 8. cxd5 exd5 9. dxc5 Ne4 10. Qc1 Qa5+ 11. Nbd2 Nxc5 12. O-O Nc6 13. a3 Ne4 14. b4 Qb6 15. Nxe4 dxe4 16. Ng5 e3 17. Qxe3 Qxe3 18. fxe3 h6 19. Ne4 Re8 20. Rac1 Re7 21. Kf2 Bf5 22. Nd6 Bd7 23. Nxb7 Ne5 24. Nc5 Rae8 25. h3 Bb5 26. a4 Bc4 27. Rfd1 Rb8 28. b5 Rb6 29. Rd4 Rf6+ 30. Rf4 Rc7 31. Rxf6 gxf6 32. Ne4 Kg7 33. Nd6 Kf8 34. a5 Ke7 35. b6 axb6 36. axb6 Kxd6 37. bxc7 Kxc7 38. Bd5 Kd6 39. Bxc4 f5 40. Bd3 f4 41. gxf4 Nd7 42. Kf3 f5 43. Bxf5 Nb8 44. e4 h5 45. e5+ Ke7 46. Rc7+ Kd8 47. Rc8+ Ke7 48. Rxb8 h4 49. Rb7+ Kd8 50. e6 Ke8 51. Rd7 Kf8 52. Kg4 Ke8 53. Kg5 Kf8 54. Kf6 Ke8 55. Bg6+ Kf8 56. Rd8# 1-0


[Site "https://www.chess.com"]

[Event "Titled Tuesday Blitz April 11 Early 2023"]
[White "Javakhadze, Zurab"]
[Black "Balint, Vilmos"]
[WhiteFideId "13603647"]
[BlackFideId "718050"]
[WhiteElo "2381"]
[BlackElo "2034"]
[Result "1-0"]
[Round "02"]
[TimeControl "180+2"]
[Date "2023.04.11"]
[WhiteClock "0:01:29"]
[BlackClock "0:01:48"]

1. Nf3 b5 2. e3 a6 3. a4 b4 4. d4 Bb7 5. Bd3 e6 6. O-O Nf6 7. Nbd2 Be7 8. e4 d6 9. a5 Nbd7 10. c3 bxc3 11. bxc3 e5 12. Re1 O-O 13. Nc4 exd4 14. cxd4 d5 15. exd5 Nxd5 16. Bd2 Bf6 17. Rb1 Rb8 18. Nfe5 Re8 19. Bxh7+ Kxh7 20. Qh5+ Kg8 21. Qxf7+ Kh7 22. Nxd7 Rxe1+ 23. Rxe1 Rc8 24. Nce5 Ne7 25. Nxf6+ 1-0


[Site "https://www.chess.com"]

[Event "Titled Tuesday Blitz April 11 Early 2023"]
[White "Bogaudinov, Rushan"]
[Black "Petrov, Martin"]
[WhiteFideId "4129288"]
[BlackFideId "2911086"]
[WhiteElo "1967"]
[BlackElo "2430"]
[Result "0-1"]
[Round "02"]
[TimeControl "180+2"]
[Date "2023.04.11"]
[WhiteClock "0:00:01"]
[BlackClock "0:00:03"]

1. e4 e5 2. Nc3 Nf6 3. g3 d5 4. exd5 Nxd5 5. Bg2 Nxc3 6. bxc3 Bc5 7. Nf3 Nc6 8. O-O O-O 9. d3 Re8 10. Re1 Bg4 11. h3 Bh5 12. g4 Bg6 13. Rb1 Bb6 14. Nd2 Qh4 15. Qf3 Rad8 16. Nc4 e4 17. dxe4 Bxe4 18. Bg5 Qxg5 19. Rxe4 Rxe4 20. Qxe4 Qf6 21. Nxb6 axb6 22. Qe3 h6 23. Qg3 Qd6 24. Qxd6 Rxd6 25. Be4 Na5 26. Kf1 Kf8 27. Ke1 Re6 28. f3 Re5 29. Rb4 Rc5 30. Kd2 c6 31. Rd4 Ke7 32. Bd3 f6 33. f4 Rd5 34. Ke3 b5 35. Rxd5 cxd5 36. Bxb5 Kd6 37. Kd4 b6 38. c4 dxc4 39. Bxc4 Nc6+ 40. Ke4 Ne7 41. a4 Kc5 42. Bb3 g6 43. h4 f5+ 44. gxf5 gxf5+ 45. Ke5 Ng6+ 46. Kxf5 Nxh4+ 47. Kg4 Ng2 48. f5 Ne3+ 49. Kf4 Ng2+ 50. Ke5 h5 51. f6 Nh4 0-1


[Site "https://www.chess.com"]

[Event "Titled Tuesday Blitz April 11 Early 2023"]
[White "Rodriguez Santiago, Jaime"]
[Black "Schmakel, Sam"]
[WhiteFideId "3100898"]
[BlackFideId "2039311"]
[WhiteElo "2025"]
[BlackElo "2356"]
[Result "0-1"]
[Round "02"]
[TimeControl "180+2"]
[Date "2023.04.11"]
[WhiteClock "0:00:02"]
[BlackClock "0:00:04"]

1. c4 e6 2. Nf3 b6 3. g3 Bb7 4. Bg2 c5 5. O-O Nf6 6. b3 Be7 7. Bb2 O-O 8. e3 Nc6 9. Qe2 d5 10. d3 Qc7 11. Nc3 Rad8 12. Rad1 a6 13. a4 d4 14. exd4 Nxd4 15. Nxd4 cxd4 16. Ne4 e5 17. Nxf6+ Bxf6 18. Bxb7 Qxb7 19. Ba3 Rfe8 20. f3 b5 21. cxb5 axb5 22. Rb1 Qa6 23. Bc5 bxa4 24. b4 Qb5 25. Ra1 g6 26. Ra3 Re6 27. Rfa1 Ra6 28. Qc2 Rda8 29. Qc4 Qb7 30. b5 Ra5 31. Rb1 Rb8 32. Rxa4 Rxb5 33. Rxb5 Qxb5 34. Rb4 Qe8 35. Kg2 Rxb4 36. Bxb4 h5 37. Be1 Kg7 38. Bf2 Qa8 39. h4 Qa1 40. Qc7 Qd1 41. Qc4 Qe2 42. Qb5 Be7 43. Kg1 Bf6 44. Kg2 g5 45. hxg5 Bxg5 46. Kg1 f6 47. Qd7+ Kh6 48. f4 exf4 49. Qf7 fxg3 50. Qf8+ Kg6 51. Qg8+ Kf5 52. Qh7+ Kg4 53. Qd7+ f5 54. Qxd4+ Kh3 55. Bxg3 Be3+ 56. Bf2 Qxf2+ 0-1


[Site "https://www.chess.com"]

[Event "Titled Tuesday Blitz April 11 Early 2023"]
[White "Manukyan, Sargis A."]
[Black "Haub, Thorsten Michael"]
[WhiteFideId "13303970"]
[BlackFideId "4610776"]
[WhiteElo "2187"]
[BlackElo "2344"]
[Result "0-1"]
[Round "02"]
[TimeControl "180+2"]
[Date "2023.04.11"]
[WhiteClock "0:00:12"]
[BlackClock "0:01:13"]

1. d4 g6 2. c4 Bg7 3. Nc3 c5 4. d5 Nf6 5. Nf3 O-O 6. h3 d6 7. Bf4 Na6 8. e3 Nc7 9. a4 a6 10. Be2 Rb8 11. a5 Bd7 12. O-O b5 13. axb6 Rxb6 14. Qc2 Qb8 15. Ra2 Qb7 16. e4 Rb8 17. Rb1 e5 18. dxe6 Nxe6 19. Bh2 Nd4 20. Nxd4 cxd4 21. Nd5 Nxd5 22. exd5 Rb3 23. g4 Be5 24. Bxe5 dxe5 25. Bd3 f5 26. gxf5 Rxd3 27. Qxd3 Bxf5 28. Qd1 Bxb1 29. Qxb1 Qb3 30. Ra3 Qxa3 31. Qe4 Qd6 32. c5 Qxc5 33. Qxe5 Rf8 34. Qe6+ Kg7 35. Qe5+ Rf6 36. Kg2 Qd6 37. Qxd4 h5 38. Qa7+ Rf7 39. Qd4+ Kh7 40. h4 Rd7 41. Qe3 Qxd5+ 42. f3 Qd2+ 43. Qxd2 Rxd2+ 44. Kh3 Rxb2 45. f4 Rb3+ 46. Kh2 a5 0-1


[Site "https://www.chess.com"]

[Event "Titled Tuesday Blitz April 11 Early 2023"]
[White "Kosteniuk, Alexandra"]
[Black "Ruiz Aguilar, Pablo Alexander"]
[WhiteFideId "4128125"]
[BlackFideId "4401352"]
[WhiteElo "2453"]
[BlackElo "2138"]
[Result "0-1"]
[Round "02"]
[TimeControl "180+2"]
[Date "2023.04.11"]
[WhiteClock "0:00:20"]
[BlackClock "0:00:31"]

1. c4 c6 2. Nc3 d5 3. d4 Nf6 4. Nf3 e6 5. e3 Nbd7 6. b3 Bd6 7. Bb2 O-O 8. Qc2 Qe7 9. Be2 dxc4 10. bxc4 e5 11. O-O Re8 12. Rad1 e4 13. Nd2 Nf8 14. d5 Ng6 15. c5 Bxc5 16. Nc4 cxd5 17. Nxd5 Nxd5 18. Rxd5 Be6 19. Rh5 f5 20. Qc3 Bb4 21. Qb3 b5 22. a3 bxc4 23. Qxb4 Qxb4 24. axb4 Rac8 25. Bc3 Ne7 26. Ra1 Nd5 27. Bd4 c3 28. g4 c2 29. Bb2 fxg4 30. Bxg4 Bxg4 31. Rxd5 Red8 32. Rd4 Rxd4 33. exd4 Rc4 34. Ra2 c1=Q+ 35. Bxc1 Rxc1+ 36. Kg2 Bf3+ 37. Kg3 g5 38. Ra5 Rg1+ 39. Kh3 h5 40. Re5 Bg4# 0-1


[Site "https://www.chess.com"]